 Dungeon Crawl Stone Soup version 0.22.1-1-ga44c0e5 (webtiles) character file.

18 Starchild the Caller (level 2, -1/19 HPs)
             Began as a Barachi Summoner on Oct 17, 2018.
             Slain by a kobold
             ... wielding a +4 dagger of draining
              (4 damage)
             ... on level 2 of the Dungeon.
             The game lasted 00:03:08 (755 turns).

Starchild the Caller (Barachi Summoner)              Turns: 755, Time: 00:03:09

Health: -1/19      AC:  2    Str:  9    XL:     2   Next: 70%
Magic:  3/5        EV: 12    Int: 15    God:
Gold:   59         SH:  0    Dex: 12    Spells: 2/5 levels left

rFire    . . .     SeeInvis .   e - +0 dagger
rCold    . . .     Gourm    .   (no shield)
rNeg     . . .     Faith    .   a - +0 robe
rPois    .         Spirit   .   (no helmet)
rElec    .         Reflect  .   (no cloak)
rCorr    .         Harm     .   (no gloves)
MR       .....                  (no boots)
Stlth    ++........             (no amulet)
HPRegen  0.06/turn              (no ring)
MPRegen  0.09/turn              (no ring)

@: drained, slow
A: +LOS, swims, slowness 1, strong legs 1
a: Hop


You were on level 2 of the Dungeon.
You were not hungry.

You visited 1 branch of the dungeon, and saw 2 of its levels.

You collected 59 gold pieces.

Inventory:

Hand Weapons
 e - a +0 dagger (weapon)
Missiles
 d - 9 stones (quivered)
Armour
 a - a +0 robe (worn)
Jewellery
 i - an uncursed ring of magical power {unknown}
Scrolls
 g - a scroll of teleportation {unknown}
 j - a scroll of identify {unknown}
Potions
 b - a potion of brilliance {unknown}
 f - a potion of curing {unknown}
 h - a potion of degeneration {unknown}
Comestibles
 c - 3 rations


   Skills:
 - Level 2.1(1.9) Dodging
 - Level 1.7(1.4) Stealth
 - Level 2.1(1.9) Spellcasting
 + Level 5.7(5.4) Summonings


You had 2 spell levels left.
You knew the following spells:

 Your Spells              Type           Power        Failure   Level  Hunger
a - Summon Small Mammal   Summ           ###.         2%          1    ##.....
b - Call Imp              Summ           ###.....     3%          2    ###....

Your spell library contained the following spells:

 Spells                   Type           Power        Failure   Level  Hunger
 Call Canine Familiar     Summ           ###.....     7%          3    ####...
 Summon Guardian Golem    Hex/Summ       #.......     22%         3    ####...
 Summon Ice Beast         Ice/Summ       #.......     58%         4    #####..
 Summon Lightning Spire   Summ/Air       #.......     58%         4    #####..


Dungeon Overview and Level Annotations

Branches:
Dungeon (2/15)

Altars:


Innate Abilities, Weirdness & Mutations

Shadows flee at your approach. (+LOS)
You can swim through water.
You cover ground slowly.
You can hop short distances.


Message History

The dart slug is moderately wounded.
The dart slug barely misses you.
Your crimson imp hits the dart slug.
You hit the dart slug.
The dart slug is almost dead.
Your crimson imp completely misses the dart slug.
You hit the dart slug.
You kill the dart slug!
A kobold comes into view. It is wielding a dagger of draining.
The kobold shouts!
A leopard gecko comes into view.
Found a scroll labeled GAESAE ZUAHOPI.
Found an escape hatch in the ceiling.
Your crimson imp blinks!
You closely miss the kobold. The kobold closely misses you.
You closely miss the kobold. The leopard gecko closely misses you.
The kobold hits you with a dagger of draining.
You feel drained.
You barely miss the kobold. The leopard gecko bites you.
* * * LOW HITPOINT WARNING * * *
The kobold hits you with a dagger of draining.
You die...

.. .# ##.# ..#
...<.. ...
..#....... ..
.......... #.#
#.#....... #..
#.#......?
#..##.#.......
######.lK#...5....
........@....#
.#####...♣...#
##.♣_♣..# #..♣..##
###.....#
#.......#####
#.....>......
.####.......#####
............#


You could see a leopard gecko, a kobold and a friendly crimson imp.

Vanquished Creatures
  A dart slug (D:2)
  A leopard gecko (D:1)
  3 goblins
  A kobold (D:1)
  A frilled lizard (D:1)
  A rat (D:1)
8 creatures vanquished.

Vanquished Creatures (collateral kills)
  3 bats
  2 hobgoblins (D:1)
  3 jackals (D:1)
  3 rats (D:1)
11 creatures vanquished.

Grand Total: 19 creatures vanquished

Notes
Turn   | Place    | Note
-------+----------+-------------------------------------------
     0 | D:1      | Starchild the Barachi Summoner began the quest for the Orb.
     0 | D:1      | Reached XP level 1. HP: 13/13 MP: 3/3
    74 | D:1      | Reached skill level 5 in Summonings
   118 | D:1      | Reached XP level 2. HP: 10/19 MP: 1/5
   194 | D:1      | Learned a level 2 spell: Call Imp
   724 | D:2      | Found a faded altar of an unknown god.
   755 | D:2      | Slain by a kobold

Skill      XL: |  1 |
---------------+----+-----
Summonings     | 5 |  5.7
Dodging        | |  2.1
Stealth        | |  1.7
Spellcasting   | |  2.1

Action                   || total
-------------------------++-------
Melee: Unarmed           ||    23
       Dagger            ||    50
 Cast: Summon Small Mamm ||    12
       Call Imp          ||     4
 Stab: Distracted        ||     1
Armor: Robe              ||    20
Dodge: Dodged            ||    66
